 Dungeon Crawl Stone Soup version 0.25-a0-719-gde951dce62 (webtiles) character file.

Game seed: 6801859655352732071, levelgen mode: deterministic

425 Fukker the Ruffian (level 6, -1/44 HPs)
             Began as a Demonspawn Gladiator on Apr 6, 2020.
             Slain by an ogre
             ... wielding a +0 giant club
              (26 damage)
             ... on level 4 of the Dungeon.
             The game lasted 00:08:28 (3043 turns).

Fukker the Ruffian (Demonspawn Gladiator)           Turns: 3043, Time: 00:08:29

Health: -1/44      AC:  8    Str: 15 (16) XL:     6   Next: 64%
Magic:  6/6        EV: 12    Int:  8 (10) God:
Gold:   200        SH:  0    Dex: 16 (17) Spells: 5/5 levels left

rFire    . . .     SeeInvis .     - Unarmed
rCold    . . .     Gourm    .   (no shield)
rNeg     + . .     Faith    .   r - +2 ring mail {rN+}
rPois    .         Spirit   .   c - +0 helmet
rElec    .         Reflect  .   (no cloak)
rCorr    .         Harm     .   (no gloves)
MR       .....                  (no boots)
Stlth    ++........             k - amulet of magic regeneration
HPRegen  0.14/turn              s - +3 ring of dexterity (curse)
MPRegen  0.35/turn              (no ring)

@: no status effects
A: claws 1, nightstalker 1, sturdy frame 1
a: no special abilities


You were on level 4 of the Dungeon.
You were not hungry.

You visited 1 branch of the dungeon, and saw 4 of its levels.

You collected 200 gold pieces.

Inventory:

Hand Weapons
 a - a +0 long sword
 n - a +1 dagger of venom
Missiles
 d - 4 throwing nets (quivered)
 i - 53 sling bullets
 q - 116 stones
 y - 50 arrows
 F - 4 boomerangs
Armour
 b - a +0 leather armour
 c - a +0 helmet (worn)
 r - a +2 ring mail of positive energy (worn)
Jewellery
 k - an amulet of magic regeneration (around neck)
 s - a cursed +3 ring of dexterity (left claw)
Wands
 w - a wand of paralysis (5)
Scrolls
 e - 2 scrolls of remove curse {unknown}
 j - 6 scrolls of identify
 l - 4 scrolls of teleportation {unknown}
 m - a scroll of magic mapping {unknown}
 o - 2 scrolls of immolation {unknown}
 p - a scroll of blinking {unknown}
 t - a scroll of fog {unknown}
 z - a scroll of amnesia {unknown}
 B - a scroll of noise {unknown}
 D - a scroll of enchant weapon {unknown}
Potions
 g - a potion of haste
 h - 4 potions of curing
 v - 2 potions of flight
 x - 2 potions of brilliance
Comestibles
 f - 6 rations


   Skills:
 - Level 2.0 Fighting
 + Level 2.5(3.3) Short Blades
 - Level 3.2(3.7) Long Blades
 + Level 2.9 Throwing
 - Level 2.6 Dodging
 * Level 4.5 Unarmed Combat


You had 5 spell levels left.
You didn't know any spells.
Your spell library was empty.

Dungeon Overview and Level Annotations

Branches:
Dungeon (4/15)
 Temple: D:4-7

Altars:
Hepliaklqana
Sif Muna

Annotations:
D:3 2 runed translucent doors, DerDa's ghost, novice DsFE


Innate Abilities, Weirdness & Mutations

You have sharp fingernails.
You are slightly more attuned to the shadows.
Your movements are slightly less encumbered by armour. (ER -2)


Message History

The ogre looks even sicker.
The ogre is lightly wounded.
Throwing (i - inventory. (/) - cycle)
C - a poisoned dart (quivered)
Press: ? - help, Shift-Dir - straight line, f/p - ogre
Aim: an ogre, wielding a +0 giant club (lightly wounded, very poisoned)
You throw a poisoned dart.
The poisoned dart barely misses the ogre.
You scratch the ogre.
The ogre is moderately wounded.
The ogre hits you with a +0 giant club!
You scratch the ogre.
The ogre is moderately wounded.
The ogre hits you with a +0 giant club.
You scratch the ogre but do no damage.
The ogre is moderately wounded.
You scratch the ogre.
The ogre is severely wounded.
The ogre hits you with a +0 giant club!!
Ouch! That really hurt!
You die...

#... #... #.... #....
####...## ###(
........## ###...(.
.........#####@O.....
....[..........#.....
###...##...#### ####
####...######
#.......# #.......#
#.......# ..#
#.......#...+
#......##>..#


You could see an ogre.

Vanquished Creatures
  A crimson imp (D:3)
  An orc priest (D:3)
  An orc wizard (D:3)
  Ijyb (D:3)
  Natasha (thrice) (D:3)
  4 gnolls (D:2)
  9 adders
  A worm (D:2)
  4 dart slugs
  3 leopard geckos
  9 orcs (D:3)
  6 bats
  3 giant cockroaches
  10 goblins
  6 hobgoblins
  13 jackals
  3 kobolds
  A quokka (D:2)
  3 ball pythons
  4 frilled lizards
  9 rats
95 creatures vanquished.

Notes
Turn   | Place    | Note
-------+----------+-------------------------------------------
     0 | D:1      | Fukker the Demonspawn Gladiator began the quest for the
                  | Orb.
     0 | D:1      | Reached XP level 1. HP: 16/16 MP: 1/1
   110 | D:1      | Gained mutation: You have sharp fingernails. [demonic
                  | ancestry]
   110 | D:1      | Reached XP level 2. HP: 13/22 MP: 2/2
   484 | D:1      | Reached skill level 1 in Unarmed Combat
   737 | D:2      | Reached XP level 3. HP: 26/27 MP: 3/3
   762 | D:2      | Found a shimmering blue altar of Sif Muna.
   972 | D:2      | Reached skill level 1 in Short Blades
   982 | D:2      | Reached skill level 2 in Unarmed Combat
   982 | D:2      | Gained mutation: You are slightly more attuned to the
                  | shadows. [demonic ancestry]
   982 | D:2      | Reached XP level 4. HP: 26/33 MP: 4/4
  1367 | D:3      | Found a large runed translucent door.
  1368 | D:3      | Found a large runed translucent door.
  1371 | D:3      | Noticed DerDa's ghost (novice DsFE)
  1639 | D:2      | Gained mutation: Your movements are slightly less
                  | encumbered by armour. (ER -2) [demonic ancestry]
  1639 | D:2      | Reached XP level 5. HP: 30/38 MP: 5/5
  2003 | D:3      | Noticed Natasha
  2015 | D:3      | Killed Natasha
  2015 | D:3      | Reached skill level 3 in Unarmed Combat
  2186 | D:3      | Noticed Natasha
  2193 | D:3      | Killed Natasha
  2303 | D:3      | Noticed Ijyb
  2306 | D:3      | Paralysed by Ijyb for 4 turns
  2319 | D:3      | Reached XP level 6. HP: 44/44 MP: 6/6
  2321 | D:3      | Paralysed by Ijyb for 3 turns
  2337 | D:3      | Killed Ijyb
  2427 | D:3      | Noticed Natasha
  2437 | D:3      | Killed Natasha
  2437 | D:3      | Reached skill level 4 in Unarmed Combat
  2598 | D:3      | Found a shimmering blue altar of Sif Muna.
  2841 | D:3      | Found a hazy altar of Hepliaklqana.
  3043 | D:4      | Slain by an ogre

Levels and vault maps discovered:
D:1:      ebering_trefoil_3fold, layout_basic
D:2:      wad_river_or_something, layout_loops_ring, lemuel_altar_in_water
D:3:      layout_basic, lemuel_blue_sif_altar, lemuel_coloured_pillars_altar,
          ebering_ghost_disaster_area, uniq_natasha, uniq_ijyb
D:4:      layout_gridville, nicolae_overflow_crystal_walls,
          trog_eyes_of_draining

Skill      XL: |  1  2  3  4  5  6 |
---------------+-------------------+-----
Long Blades    | 3 |  3.2
Throwing       | 2 |  2.9
Unarmed Combat | 1 2 3 4 |  4.5
Short Blades   | 1 2 |  2.5
Fighting       | |  2.0
Dodging        | |  2.6

Action                   |  1- 3 |  4- 6 || total
-------------------------+-------+-------++-------
Melee: Long sword        |    40 |       ||    40
       Dagger            |    82 |    45 ||   127
       Unarmed           |       |   237 ||   237
       Punch             |       |     3 ||     3
Throw: Dart              |       |    38 ||    38
       Throwing net      |       |     1 ||     1
  Use: Potion            |       |     6 ||     6
       Scroll            |       |     1 ||     1
 Stab: Sleeping          |       |     4 ||     4
       Distracted        |       |     2 ||     2
       Held in net/web   |       |     4 ||     4
  Eat: Chunk             |       |     7 ||     7
Armor: Leather armour    |    50 |     6 ||    56
       Ring mail         |       |    94 ||    94
Dodge: Dodged            |    81 |   153 ||   234
       Rpst.: Long sword |     8 |       ||     8

Table legend:
 A = Non-vault XP
 B = Vault XP
 C = Vault XP percentage of total XP
 D = Non-vault monster count
 E = Vault monster count
 F = Vault count percentage of total count
                 A         B        C        D         E       F
            +---------+---------+-------+---------+---------+-------
      Total |     498 |     110 |  18.1 |      84 |      11 |  11.6
            +---------+---------+-------+---------+---------+-------
        D:1 |      40 |       0 |   0.0 |      23 |       0 |   0.0
        D:2 |     157 |      39 |  19.9 |      29 |       9 |  23.7
        D:3 |     301 |      71 |  19.1 |      32 |       2 |   5.9
            +---------+---------+-------+---------+---------+-------
